 Dungeon Crawl Stone Soup version 0.30-a0-1085-g990a428a5c (webtiles) character file.

Game seed: 12179912039164465327

496 NateTC the Magician (level 7, -6/45 HPs)
             Began as a Djinni Hedge Wizard on Apr 16, 2023.
             Was an Initiate of Makhleb.
             Killed by divine providence
             ... invoked by an orc priest
              (13 damage)
             ... on level 4 of the Dungeon.
             The game lasted 00:13:52 (4257 turns).

NateTC the Magician (Djinni Hedge Wizard)           Turns: 4257, Time: 00:13:53

Health: -6/45      AC:  3    Str: 15    XL:     7   Next: 38%
Gold:   193        EV: 13    Int: 18    God:    Makhleb [......] SH:  0 Dex: 12

rFire   + + .      SeeInvis +    a - +0 dagger
rCold   x . .      Faith    .    (no shield)
rNeg    . . .      Spirit   .    b - +0 robe
rPois   ∞          Reflect  .    c - +0 hat
rElec   .          Rampage  .    (no cloak)
rCorr   .                        e - +0 pair of gloves
Will    .....                    (boots unavailable)
Stlth   ++                       (no amulet)
HPRegen 0.27/turn                d - +6 ring of strength
MPRegen 0.00/turn                m - ring of see invisible

@: flying
A: sickness immunity, fire resistance 2, cold vulnerability 1, float, innate
caster, HP casting, extra vitality 1
a: Renounce Religion


You were on level 4 of the Dungeon.
You worshipped Makhleb.
Makhleb was noncommittal.
You visited 1 branch of the dungeon, and saw 4 of its levels.

You collected 193 gold pieces.

Inventory:

Hand Weapons
 a - a +0 dagger (weapon)
Armour
 b - a +0 robe (worn)
 c - a +0 hat (worn)
 e - a +0 pair of gloves (worn)
Jewellery
 d - a +6 ring of strength (left hand)
 f - a +6 ring of strength
 m - a ring of see invisible (right hand)
Scrolls
 j - 3 scrolls of poison
 p - a scroll of blinking
 q - a scroll of teleportation
Potions
 g - a potion of might
 h - 3 potions of curing
 i - 2 potions of lignification
 k - 3 potions of flight
 l - a potion of haste
 n - a potion of attraction {unknown}
 o - a potion of brilliance {unknown}
 r - 2 potions of mutation {unknown}


   Skills:
 + Level 5.0 Dodging
 - Level 1.5 Stealth
 * Level 5.1 Spellcasting


You knew the following spells:

 Your Spells              Type           Power      Damage    Failure   Level
a - Magic Dart            Conj           92%        1d7       1%          1
b - Slow                  Hex            92%        N/A       1%          1
c - Blink                 Tloc           46%        N/A       2%          2
d - Call Imp              Summ           46%        N/A       2%          2
e - Mephitic Cloud        Conj/Pois/Air  23%        N/A       4%          3
f - Summon Small Mammal   Summ           92%        N/A       1%          1
g - Lesser Beckoning      Tloc           46%        N/A       2%          2
h - Ozocubu's Armour      Ice            23%        N/A       4%          3
Your spell library was empty.

Dungeon Overview and Level Annotations

Branches:
Dungeon (4/15) Zot: 19738
 Temple: D:4-7

Altars:
Makhleb

Shops:
D:1 (   D:2 !


Innate Abilities, Weirdness & Mutations

You are immune to sickness and miasma.
You are immune to poison.
Your flesh is very heat resistant. (rF++)
You are vulnerable to cold. (rC-)
You float through the air rather than walking.
You learn spells naturally, not from books.
Your magical power is your life essence.
You have superior vitality. (+4 MHP)


Message History

Confirm with . or Enter, or press ? or * to list all spells.
You swap places.
The orc priest invokes the aid of Beogh against you.
Beogh smites you!
You swap places.
Your cerulean imp hits the orc but does no damage.
Your cerulean imp hits the orc with a -2 spear.
The orc misses your cerulean imp.
Your cerulean imp hits the orc with a -2 spear.
The orc hits your cerulean imp with a +0 short sword.
An orc priest comes into view. It is wielding a +0 mace.
Your cerulean imp hits the orc with a -2 spear.
The orc dies!
Makhleb accepts your kill.
The orc priest casts a cantrip, but nothing happens.
Your cerulean imp barely misses the orc priest.
An orc priest comes into view. It is wielding a +0 club.
The orc priest casts a cantrip, but nothing happens.
Your cerulean imp barely misses the orc priest.
The orc priest hits your cerulean imp with a +0 club.
Your cerulean imp hits the orc priest but does no damage.
The orc priest looks encouraged for a moment.
Your cerulean imp hits the orc priest with a -2 spear.
The orc priest closely misses your cerulean imp.
Your cerulean imp barely misses the orc priest.
The orc priest hits your cerulean imp with a +0 club.
Your cerulean imp barely misses the orc priest.
The orc priest hits your cerulean imp with a +0 club.
Your cerulean imp hits the orc priest with a -2 spear.
The orc priest calls down the wrath of Beogh upon you.
Beogh smites you!
Your cerulean imp hits the orc priest with a -2 spear.
The orc priest calls down the wrath of Beogh upon you.
Beogh smites you!
* * * LOW HITPOINT WARNING * * *
The orc priest closely misses your cerulean imp.
Your cerulean imp hits the orc priest with a -2 spear.
The orc priest calls down the wrath of Beogh upon you.
Beogh smites you!
You die...

####### ##### #.....#
#...#
##########@....###.#.#
.).ooo5b..........>#.#
##################.#.#
#.....#
############.#.#####
...................
.####..####.._..####..
......................
#..................##


You could see 3 orc priests, a friendly cerulean imp (summoned) and a friendly
bat (summoned).

Vanquished Creatures
  An ogre (D:4)
  A scorpion (D:4)
  An orc priest (D:3)
  6 adders
  A worm (D:3)
  6 dart slugs
  3 orcs
  3 bats
  8 endoplasms
  2 giant cockroaches (D:1)
  4 goblins
  8 hobgoblins
  3 jackals
  2 quokkas
  6 ball pythons
  5 frilled lizards
  5 kobolds
  3 rats (D:1)
68 creatures vanquished.

Vanquished Creatures (collateral kills)
  Sigmund (D:2)
  An adder (D:2)
  4 orcs
  2 ball pythons (D:1)
  2 endoplasms
  A goblin (D:2)
  2 jackals
  A quokka (D:1)
  A kobold (D:1)
15 creatures vanquished.

Vanquished Creatures (others)
  5 plants (D:1)
5 creatures vanquished.

Grand Total: 88 creatures vanquished

Notes
Turn   | Place    | Note
-------+----------+-------------------------------------------
     0 | D:1      | NateTC the Djinni Hedge Wizard began the quest for the Orb.
     0 | D:1      | NateTC set off with the following spells memorised: Magic
                  | Dart, Slow, Blink, Call Imp, Mephitic Cloud.
     0 | D:1      | Reached XP level 1. HP: 15/15 MP: 0/0
    94 | D:1      | Reached XP level 2. HP: 14/21 MP: 0/0
   298 | D:1      | Reached XP level 3. HP: 21/25 MP: 0/0
   298 | D:1      | Learned a level 1 spell: Summon Small Mammal
   723 | D:1      | Found a faded altar of an unknown god.
   736 | D:1      | Found Ceffapso's Antique Weapon Emporium.
  1175 | D:2      | Reached XP level 4. HP: 19/31 MP: 0/0
  1309 | D:2      | Noticed Sigmund
  1659 | D:2      | Killed Sigmund
  1660 | D:2      | Reached XP level 5. HP: 17/35 MP: 0/0
  1660 | D:2      | Learned a level 2 spell: Lesser Beckoning
  1660 | D:2      | Reached XP level 6. HP: 19/40 MP: 0/0
  2007 | D:2      | Found Voskuh's Distillery.
  3511 | D:4      | Noticed an ogre
  3903 | D:4      | Reached XP level 7. HP: 12/45 MP: 0/0
  3903 | D:4      | Learned a level 3 spell: Ozocubu's Armour
  4019 | D:4      | Reached skill level 5 in Dodging
  4019 | D:4      | Reached skill level 5 in Spellcasting
  4183 | D:4      | Found a burning altar of Makhleb.
  4220 | D:4      | Became a worshipper of Makhleb the Destroyer
  4257 | D:4      | Killed from afar by an orc priest

Illustrated notes

Levels and vault maps discovered:
D:1:      elethiomel_arrival_shortcut, layout_basic,
          shapermc_ecumenical_altar_mp_highgroup, serial_forest,
          infiniplex_forest_clump_medium, infiniplex_forest_side_room,
          infiniplex_forest_lined_room_2, infiniplex_forest_clump_double,
          infiniplex_forest_clump_medium, infiniplex_forest_end_2,
          infiniplex_forest_straight_1, serial_shops,
          nicolae_shop_window_shopping, minmay_misc_feat_rows, minmay_tripent
D:2:      layout_basic, serial_shops, nicolae_shop_industrial_runoff,
          nicolae_eternal_life, uniq_sigmund
D:3:      mumra_celtic_spiral_tile, layout_basic
D:4:      layout_basic, mainiacjoe_overflow_boulevard

Skill      XL: |  1  2  3  4  5  6  7 |
---------------+----------------------+-----
Spellcasting   | 3 4 5 |  5.1
Dodging        | 3 4 5 |  5.0
Stealth        | |  1.5

Action                     |  1- 3 |  4- 6 |  7- 9 || total
---------------------------+-------+-------+-------++-------
  Melee: Dagger            |     2 |       |       ||     2
   Cast: Magic Dart        |    83 |   114 |    16 ||   213
         Call Imp          |     9 |    24 |     5 ||    38
         Summon Small Mamm |       |     5 |     2 ||     7
         Mephitic Cloud    |       |     1 |       ||     1
         Blink             |       |     1 |       ||     1
         Ozocubu's Armour  |       |       |     1 ||     1
    Use: Scroll            |     5 |     6 |       ||    11
 Armour: Robe              |     9 |     8 |       ||    17
  Dodge: Dodged            |    17 |    46 |     1 ||    64

Table legend: (Time is in decaauts)
 A = Elapsed time spent in this place.
 B = Non-inter-level travel time spent in this place.
 C = Inter-level travel time spent in this place.
 D = Time resting spent in this place.
 E = Time spent auto-exploring this place.
 F = Levels seen in this place.
 G = Mean time per level.
                   A        B        C        D        E       F      G
               +--------+--------+--------+--------+--------+-----+--------+
         Total |   4260 |   4110 |    150 |    778 |   2517 |   4 | 1065.0 |
       Dungeon |   4260 |   4110 |    150 |    778 |   2517 |   4 | 1065.0 |
               +--------+--------+--------+--------+--------+-----+--------+

Top non-repeatable levels by time:
     D:1: 1418 daAuts
     D:2: 1250 daAuts
     D:3: 1194 daAuts
     D:4: 397 daAuts
